 Seeded DCSS version 0.27.1-2-g3b301248ec (webtiles) character file.

Game seed: 14551798346683263451 (custom seed)

239 babuloseo the Firebug (level 6, 41/43 HPs)
             Began as a Human Fire Elementalist on Sept 30, 2021.
             Quit the game on level 2 of the Dungeon.
             The game lasted 00:08:09 (4831 turns).

babuloseo the Firebug (Human Fire Elementalist)     Turns: 4831, Time: 00:08:10

Health: 41/43      AC:  5    Str:  9    XL:     6   Next: 29%
Magic:  10/10      EV: 13    Int: 20    God:
Gold:   118        SH:  0    Dex: 13    Spells: 4/10 levels left

rFire    + . .     SeeInvis .   e - +2 short sword (venom)
rCold    x . .     Faith    .   (no shield)
rNeg     . . .     Spirit   .   a - +1 robe
rPois    .         Reflect  .   r - +1 helmet {Int+3}
rElec    .         Harm     .   (no cloak)
rCorr    .         Rampage  .   (no gloves)
Will     .....                  (no boots)
Stlth    ++........             (no amulet)
HPRegen  0.14/turn              m - ring of fire
MPRegen  0.12/turn              (no ring)

@: no status effects
A: no striking features
a: no special abilities


You were on level 2 of the Dungeon.
You visited 1 branch of the dungeon, and saw 5 of its levels.

You collected 118 gold pieces.

Inventory:

Hand Weapons
 b - a +2 dagger of venom
 e - a +2 short sword of venom (weapon)
 p - the +7 spear of Untimely Demise {antimagic, rCorr}
   (You found it on level 4 of the Dungeon)

   It reduces the magical energy of the wielder, and disrupts the spells and
   magical abilities of those it strikes.
   Natural abilities and divine invocations are not affected.
   rCorr:     It protects you from acid and corrosion.
Missiles
 d - 8 javelins
Armour
 a - a +1 robe (worn)
 k - a +0 pair of gloves
 r - a +1 helmet of intelligence (worn)
Jewellery
 m - a ring of fire (left hand)
Wands
 q - a wand of flame (17)
Scrolls
 f - 3 scrolls of identify
 h - a scroll of enchant armour
 l - a scroll of blinking
 t - a scroll of acquirement
Potions
 c - a potion of ambrosia
 g - a potion of degeneration {unknown}
 i - 3 potions of attraction {unknown}
 j - 2 potions of curing {unknown}
 n - a potion of mutation {unknown}
 o - a potion of heal wounds {unknown}
 s - a potion of brilliance {unknown}


   Skills:
 + Level 1.5 Fighting
 - Level 0.2 Short Blades
 + Level 3.1 Dodging
 - Level 2.4 Stealth
 + Level 0.8 Unarmed Combat
 + Level 2.9 Spellcasting
 * Level 2.5 Conjurations
 + Level 4.1 Fire Magic


You had 4 spell levels left.
You knew the following spells:

 Your Spells              Type           Power      Damage    Failure   Level
a - Foxfire               Conj/Fire      96%        2x1d8     3%          1
b - Magic Dart            Conj           52%        1d5       4%          1
c - Sticky Flame          Conj/Fire      24%        2d5       36%         4

Your spell library contained the following spells:

 Spells                   Type           Power      Damage    Failure   Level
 Searing Ray              Conj           26%        3d4       8%          2
 Conjure Flame            Conj/Fire      24%        6-21      11%         3
 Inner Flame              Hex/Fire       16%        N/A       19%         3
 Call Imp                 Summ           2%         N/A       22%         2
 Mephitic Cloud           Conj/Pois/Air  6%         N/A       30%         3
 Fulminant Prism          Conj/Hex       4%         3d6       63%         4
 Fireball                 Conj/Fire      12%        3d7       71%         5


Dungeon Overview and Level Annotations

Branches:
Dungeon (5/15)
 Temple: D:4-7

Altars:
Elyvilon
Gozag
Qazlal
Wu Jian
Zin

Annotations:
D:2 1 runed translucent door, Crazy Yiuf


Message History

Your foxfire dissipates!
The foxfire hits the hobgoblin but does no damage.
Casting: Foxfire (safe; 3% risk of failure)
Confirm with . or Enter, or press ? or * to list all spells.
You feel a surge of power!
You conjure some foxfire!
The foxfire hits the hobgoblin but does no damage.
The foxfire hits the hobgoblin.
The hobgoblin is severely wounded.
You hit the hobgoblin.
You kill the hobgoblin!
You hit the hobgoblin.
You kill the hobgoblin!
The hobgoblin hits you.
You see here a hobgoblin corpse.
You barely miss the hobgoblin.
The hobgoblin hits you but does no damage.
You hit the hobgoblin.
The hobgoblin is heavily wounded.
The hobgoblin closely misses you.
You closely miss the hobgoblin.
The hobgoblin is heavily wounded.
The hobgoblin hits you.
You hit the hobgoblin.
You kill the hobgoblin!
No target in view!
There is an open door here.
There is an open door here.
You see here a hobgoblin corpse.
You see here 14 stones.
You pick up a book of Minor Magic and begin reading...
You add the spells Call Imp and Mephitic Cloud to your library.
s - a smoky grey potion
t - a scroll labelled LONUMM XATILEEJ
Okay, then.
Casting: Foxfire (safe; 3% risk of failure)
Confirm with . or Enter, or press ? or * to list all spells.
Okay, then.
Okay, then.
This is a scroll of acquirement!
Are you sure you want to abandon this character and quit the game? (Confirm with "yes".)

###### #.. .....# #.#
####.#####.####
..............# #
##.....###.##.#)#
##.#..## #.....#####
...#..# #....##...##
......# #.####.....#
......# #.#..#.@...#
####### #.'..†.....#
##########.#..#..(..#
#........††####.....#
(..###.)...#.###...###
#..#.......##.######.#
.....#.....###.......#
#..###.....# ##.######
#.......#### #.#


There were no monsters in sight!

Vanquished Creatures
  A necrophage (D:4)
  An iguana (D:4)
  Robin (D:2)
  2 adders
  3 adder skeletons
  A worm (D:3)
  2 dart slugs
  5 orcs
  4 bats
  3 endoplasms
  A giant cockroach (D:1)
  16 goblins
  14 hobgoblins
  3 jackals (D:4)
  3 kobolds
  A quokka (D:2)
  7 ball pythons
  2 frilled lizards (D:1)
  3 rats (D:2)
73 creatures vanquished.

Vanquished Creatures (others)
  99 foxfires
99 creatures vanquished.

Grand Total: 172 creatures vanquished

Notes
Turn   | Place    | Note
-------+----------+-------------------------------------------
     0 | D:1      | babuloseo the Human Fire Elementalist began the quest for
                  | the Orb.
     0 | D:1      | Reached XP level 1. HP: 13/13 MP: 3/3
   220 | D:1      | Reached XP level 2. HP: 11/19 MP: 0/5
   964 | D:2      | Found a stormy altar of Qazlal.
   970 | D:2      | Reached XP level 3. HP: 18/24 MP: 2/6
  1331 | D:2      | Found a runed translucent door.
  1332 | D:2      | Noticed Crazy Yiuf
  1632 | D:2      | Learned a level 1 spell: Magic Dart
  1906 | D:3      | Reached XP level 4. HP: 31/31 MP: 2/7
  1923 | D:3      | Learned a level 4 spell: Sticky Flame
  2023 | D:3      | Found an opulent altar of Gozag.
  2349 | D:3      | Found a faded altar of an unknown god.
  3267 | D:5      | Entered Level 5 of the Dungeon
  3277 | D:4      | Found a white marble altar of Elyvilon.
  3294 | D:4      | Noticed a necrophage
  3300 | D:4      | Killed a necrophage
  3301 | D:4      | Reached skill level 1 in Fighting
  3301 | D:4      | Reached XP level 5. HP: 37/37 MP: 4/8
  3342 | D:4      | Identified the +7 spear of Untimely Demise {antimagic,
                  | rCorr}
  3438 | D:4      | Found a glowing silver altar of Zin.
  3493 | D:4      | Found an ornate altar of the Wu Jian Council.
  4068 | D:4      | Reached XP level 6. HP: 43/43 MP: 1/10
  4145 | D:4      | Reached skill level 4 in Fire Magic
  4338 | D:2      | Found Gisot's Antique Weapon Boutique.
  4572 | D:2      | Noticed Robin
  4596 | D:2      | Killed Robin
  4831 | D:2      | Identified a scroll of acquirement
  4831 | D:2      | Quit the game

Illustrated notes

Levels and vault maps discovered:
D:1:      lemuel_arrival_river_bridge, layout_rooms
D:2:      layout_loops_cross, basic_altar, serial_shops, shop,
          minmay_goblin_kobold_house, uniq_crazy_yiuf_cottage, uniq_robin
D:3:      layout_basic, grunt_gozag_breadcrumbs,
          hellmonk_ecumenical_altar_heavens_door
D:4:      layout_loops_ring, zin_treasury, elyvilon_altar_3,
          nzn_wu_jian_contemplation, serial_co_window_serial,
          co_window_corner_a, co_window_corner_a, co_window_of_opportunity_a,
          co_window_corner_a, co_window_paths_a, co_window_corner_b,
          co_window_paths_c, co_window_2corner, co_window_paths_c,
          co_window_of_opportunity_b, co_window_of_opportunity_c,
          co_window_of_opportunity_c, glass_columns_a, glass_columns_c
D:5:      layout_gridville, dancing_weapons_uskayaw, ashenzari_altar_1,
          kennysheep_mini_moat, minmay_temple_entry_statues_fountains,
          serial_shops, nicolae_shop_trees, kennysheep_crisscross,
          minmay_circle_x

Skill      XL: |  1  2  3  4  5  6 |
---------------+-------------------+-----
Fighting       | 1 |  1.5
Conjurations   | 2 |  2.5
Dodging        | 3 |  3.1
Fire Magic     | 4 |  4.1
Short Blades   | |  0.2
Stealth        | |  2.4
Unarmed Combat | |  0.8
Spellcasting   | |  2.9

Action                   |  1- 3 |  4- 6 || total
-------------------------+-------+-------++-------
Melee: Unarmed           |     7 |       ||     7
       Dagger            |    43 |       ||    43
       Short sword       |     1 |    61 ||    62
 Cast: Foxfire           |    33 |    48 ||    81
       Sticky Flame      |       |     1 ||     1
  Use: Scroll            |     5 |       ||     5
 Stab: Sleeping          |     2 |       ||     2
Armor: Robe              |    15 |    14 ||    29
Dodge: Dodged            |    33 |    42 ||    75
